 Dungeon Crawl Stone Soup version 0.29.0-10-g45618ea6d2 (webtiles) character file.

Game seed: 12813253982476872681

125 nickcage the Cudgeller (level 4, -1/37 HPs)
             Began as a Minotaur Gladiator on Sept 1, 2022.
             Slain by a goblin
             ... wielding a +0 dagger
             ... led by Robin
              (2 damage)
             ... on level 3 of the Dungeon.
             The game lasted 00:03:07 (1920 turns).

nickcage the Cudgeller (Minotaur Gladiator)         Turns: 1920, Time: 00:03:07

Health: -1/37      AC:  5    Str: 21    XL:     4   Next: 82%
Magic:  3/3        EV: 11    Int:  5    God:
Gold:   103        SH:  0    Dex: 11    Spells: 3/3 levels left

rFire   . . .      SeeInvis .   a - +0 flail
rCold   . . .      Faith    .   (no shield)
rNeg    . . .      Spirit   .   m - +0 ring mail
rPois   .          Reflect  .   c - +0 hat
rElec   .          Harm     .   (no cloak)
rCorr   .          Rampage  .   (no gloves)
Will    .....                   (no boots)
Stlth   +.........              (no amulet)
HPRegen 0.12/turn               (no ring)
MPRegen 0.08/turn               (no ring)

@: no status effects
A: horns 2, retaliatory headbutt
a: no special abilities


You were on level 3 of the Dungeon.
You visited 1 branch of the dungeon, and saw 3 of its levels.

You collected 103 gold pieces.

Inventory:

Hand Weapons
 a - a +0 flail (weapon)
Missiles
 d - 3 throwing nets (quivered)
 e - a javelin
Armour
 b - a +0 leather armour
 c - a +0 hat (worn)
 m - a +0 ring mail (worn)
Jewellery
 f - an amulet of faith
 j - an amulet of magic regeneration
Wands
 l - a wand of mindburst (23)
Scrolls
 n - a scroll of teleportation {unknown}
 o - a scroll of identify {unknown}
 q - a scroll of blinking {unknown}
 r - a scroll of summoning {unknown}
Potions
 g - 2 potions of berserk rage {unknown}
 h - 3 potions of curing {unknown}
 i - a potion of lignification {unknown}
 k - a potion of degeneration {unknown}
 p - a potion of flight {unknown}


   Skills:
 - Level 2.4 Fighting
 + Level 6.8 Maces & Flails
 - Level 2.0 Throwing
 - Level 3.2 Dodging


You had 3 spell levels left.
You didn't know any spells.
Your spell library contained the following spells:

 Spells                   Type           Power      Damage    Failure   Level
 Shock                    Conj/Air       0%         1d3       65%         1
 Poisonous Vapours        Pois/Air       0%         N/A       80%         2
 Static Discharge         Conj/Air       0%         3-3/arc   80%         2
 Swiftness                Air            0%         N/A       95%         3
 Airstrike                Air            0%         2d(0-16)  100%        4
 Corpse Rot               Necr/Pois/Air  0%         N/A       100%        4
 Lightning Bolt           Conj/Air       0%         1d11      100%        5
 Maxwell's Capacitive Co  Air            0%         ∞         100%        8


Dungeon Overview and Level Annotations

Branches:
Dungeon (3/15)

Altars:

Annotations:
D:3 Robin


Innate Abilities, Weirdness & Mutations

You have a pair of horns on your head.
You reflexively headbutt those who attack you in melee.


Message History

You closely miss the goblin. Your headbutt misses the goblin.
The goblin barely misses you. The goblin hits you but does no damage.
You sock the goblin!
You kill the goblin!
Robin throws the goblin at you! The goblin closely misses you.
You furiously retaliate!
You headbutt the goblin!
You kill the goblin!
The goblin shouts!
The goblin barely misses you. You furiously retaliate!
You headbutt the goblin!
You kill the goblin!
Things that are here:
a +0 dagger; a +0 sling; a goblin corpse Robin roars a battlecry!
The goblin goes into a battle-frenzy!
Things that are here:
a +0 dagger; a goblin corpse A hobgoblin comes into view.
Robin zaps a wand.
The bolt of dispelling energy misses you.
You barely miss Robin.
Robin zaps a wand.
The bolt of dispelling energy hits you!
You hit Robin.
Robin is lightly wounded.
Robin throws the goblin at you! The goblin completely misses you.
You closely miss Robin.
Robin is lightly wounded.
Robin zaps a wand.
The bolt of dispelling energy hits you!
* * * LOW HITPOINT WARNING * * *
The goblin hits you but does no damage.
You sock Robin!
Robin is severely wounded.
Robin throws the goblin at you!
* * * LOW HITPOINT WARNING * * *
The goblin barely misses you.
The goblin unwields a +0 sling.
The goblin wields a +0 dagger.
The goblin hits you but does no damage.
You barely miss Robin. Your headbutt misses Robin.
Robin is severely wounded.
Robin barely misses you. The goblin hits you but does no damage.
The goblin hits you with a +0 dagger.
You die...

########### #..........
#.######### # #.# ###
#. #.# #.. #.####
#.#######.# #..>.#
#.........# #.g###
#.######### #.g@)# #.#
#.##g#####.#
.######.##g....#.#
.........#####gg.#
######†.## ###g# #..###
#.# #....# #.# ##.#.#
#g#
####..#.######g####+###


You could see Robin, a hobgoblin (strong) and 2 goblins.

Vanquished Creatures
  Natasha (D:3)
  2 adders
  2 worms
  3 dart slugs
  6 ball pythons
  7 bats
  5 endoplasms
  3 giant cockroaches
  10 goblins
  6 hobgoblins
  4 jackals (D:3)
  2 quokkas (D:1)
  3 frilled lizards (D:1)
  4 kobolds
  8 rats
66 creatures vanquished.

Notes
Turn   | Place    | Note
-------+----------+-------------------------------------------
     0 | D:1      | nickcage the Minotaur Gladiator began the quest for the
                  | Orb.
     0 | D:1      | Reached XP level 1. HP: 18/18 MP: 0/0
    76 | D:1      | Reached skill level 4 in Maces & Flails
   163 | D:1      | Reached XP level 2. HP: 23/25 MP: 1/1
   481 | D:1      | Reached skill level 5 in Maces & Flails
   641 | D:1      | Found a faded altar of an unknown god.
   725 | D:2      | Reached XP level 3. HP: 30/30 MP: 2/2
  1405 | D:3      | Reached XP level 4. HP: 36/37 MP: 3/3
  1409 | D:3      | Reached skill level 6 in Maces & Flails
  1656 | D:3      | Noticed Natasha
  1662 | D:3      | Killed Natasha
  1883 | D:3      | Noticed Robin
  1919 | D:3      | HP: 1/37 [Robin/goblin (1)]
  1920 | D:3      | Slain by a goblin

Illustrated notes

Levels and vault maps discovered:
D:1:      ncdulo_lavacross, layout_basic,
          dreamdust_ecumenical_altar_hidden_monk_grotto, minmay_surrounded
D:2:      layout_basic
D:3:      layout_basic, zin_angel, uniq_robin, uniq_natasha

Skill      XL: |  1  2  3  4 |
---------------+-------------+-----
Maces & Flails | 4 5 6 |  6.8
Fighting       | |  2.4
Throwing       | |  2.0
Dodging        | |  3.2

Action                   |  1- 3 |  4- 6 || total
-------------------------+-------+-------++-------
Melee: Flail             |    73 |    50 ||   123
       Headbutt          |    13 |     4 ||    17
       Punch             |       |     1 ||     1
Armor: Leather armour    |    15 |       ||    15
       Ring mail         |     2 |    23 ||    25
Dodge: Dodged            |    43 |    44 ||    87
